 Dungeon Crawl Stone Soup version 0.31.0-9-g3a7656b989 (webtiles) character file.

Game seed: 16402640895044353546

4 ChrisAssaf the Ruffian (level 1, -2/9 HPs)
             Began as a Human Shapeshifter on Jan 25, 2024.
             Slain by a kobold
             ... wielding a +5 short sword
              (4 damage)
             ... on level 1 of the Dungeon.
             The game lasted 00:00:22 (132 turns).

ChrisAssaf the Ruffian (Human Shapeshifter)          Turns: 132, Time: 00:00:23

Health: -2/9       AC:  0    Str: 14    XL:     1   Next: 60%
Magic:  1/1        EV: 16    Int: 10    God:
Gold:   20         SH:  0    Dex: 12    Spells: 0/0 levels left

rFire   . .          .
                       - Unarmed
rCold   . . .        (shield currently unavailable)
rNeg    . . .        a - melded +0 animal skin
rPois   .            (no helmet)
rElec   .            (no cloak)
rCorr   .            (no gloves)
SInv    .            (no boots)
Will    .....        (no amulet)
Stlth   +            (no ring)
HPRegen 0.21/turn    (no ring)
MPRegen 0.07/turn

%: no passive effects
@: flux-form, glowing
A: glow, contaminating, reduced hp, explore regen
a: Begin Untransformation


You were on level 1 of the Dungeon.
You were something dangerously unstable.
You visited 1 branch of the dungeon, and saw 1 of its levels.

You collected 20 gold pieces.

Inventory:

Armour
 a - a +0 animal skin (melded)
Talismans
 c - a beast talisman
 d - a flux talisman (active)
Potions
 b - a potion of lignification
 e - a potion of curing {unknown}


   Skills:
 * Level 1.0 Fighting
 * Level 0.1 Armour
 * Level 2.0 Dodging
 * Level 3.0 Unarmed Combat
 * Level 3.0 Shapeshifting


You couldn't memorise any spells.
You didn't know any spells.
Your spell library was empty.

Dungeon Overview and Level Annotations

Branches:
Dungeon (1/15)

Altars:


Innate Abilities, Weirdness & Mutations

You are something dangerously unstable.
You glow with magical radiation, making you easy to see and hit.
Foes you strike become dangerously contaminated with magical radiation.
Your maximum health is decreased, since you lack skill for your form.
You are incapable of wielding weapons or throwing items.
You regain HP and MP as you explore.


Message History

You hit the dart slug.
The dart slug is heavily wounded.
The dart slug closely misses you.
You hit the dart slug.
The dart slug is almost dead.
You hit the dart slug.
You kill the dart slug!
The goblin shouts!
You barely miss the goblin. The goblin closely misses you.
You punch the goblin!
You kill the goblin!
Things that are here:
a +0 dagger; a goblin corpse You begin transforming.
You continue transforming. x3
Your transformation has ended.
You turn into something dangerously unstable.
Your +0 animal skin melds into your body.
HP restored.
Found 9 stones.
You see here 9 stones.
Found a stone.
You now have 6 gold pieces.
Found 8 stones.
You now have 20 gold pieces (gained 14).
Found a stone staircase leading down.
A kobold comes into view. It is wielding a +5 short sword.
The kobold shouts!
There is a stone staircase leading down here.
You hit the kobold.
The kobold begins to glow.
The kobold is severely wounded.
The kobold hits you with a +5 short sword!
Ouch! That really hurt!
* * * LOW HITPOINT WARNING * * *
You hit the kobold but do no damage.
The kobold glows dangerously bright.
The kobold is severely wounded.
The kobold closely misses you.
You barely miss the kobold.
The kobold is severely wounded.
The kobold hits you with a +5 short sword.
You die...

... # ... ## #.. . # #..
#. ##.. #.# #..
###..###.###### ##
.........Kp...# .###
###.........## 8..#
#....###### ...## #....#
....# .#....#
....###..#..#.##########
......8..#..#.#........#
....###................#
....# .....##..........#


You could see a kobold (heavy contam).

Vanquished Creatures
  A dart slug (D:1)
  A goblin (D:1)
2 creatures vanquished.

Notes
Turn   | Place    | Note
-------+----------+-------------------------------------------
     0 | D:1      | ChrisAssaf the Human Shapeshifter began the quest for the
                  | Orb.
     0 | D:1      | Reached XP level 1. HP: 15/15 MP: 1/1
   132 | D:1      | Slain by a kobold

Illustrated notes

Levels and vault maps discovered:
D:1:      psy_arrival_heroes, layout_rooms

Action                     || total
---------------------------++-------
  Melee: Unarmed           ||     8
 Armour: Skin              ||     2
  Dodge: Dodged            ||     4
   Form: Flux              ||     1
